 Dungeon Crawl Stone Soup version 0.31-a0-868-g674d60d6f7 (webtiles) character file.

Game seed: 16383880115832997495

268 croobank the Ruffian (level 6, 0/47 HPs)
             Began as a Gnoll Shapeshifter on Oct 11, 2023.
             Slain by a gnoll
             ... wielding a +0 spear
              (6 damage)
             ... on level 2 of the Dungeon.
             The game lasted 00:19:55 (1416 turns).

croobank the Ruffian (Gnoll Shapeshifter)           Turns: 1416, Time: 00:19:55

Health: 0/47       AC:  3    Str: 19    XL:     6   Next: 21%
Magic:  8/8        EV: 14    Int: 12    God:
Gold:   124        SH:  0    Dex: 17    Spells: 8/8 levels left

rFire   . .          .
                       - Unarmed
rCold   . . .        (no shield)
rNeg    . . .        l - +0 leather armour
rPois   .            (helmet currently unavailable)
rElec   .            (cloak currently unavailable)
rCorr   .            (gloves currently unavailable)
SInv    .            (boots currently unavailable)
Will    +....        (no amulet)
Stlth   ++           j - +6 ring of dexterity
HPRegen 0.27/turn    f - +6 ring of strength
MPRegen 0.11/turn

%: no passive effects
@: brilliant, beast-form, enlightened, flying
A: beast (slay +3), fangs 1, strong nose, distributed training
a: Begin Untransformation


You were on level 2 of the Dungeon.
You were a hulking beast.
You visited 1 branch of the dungeon, and saw 2 of its levels.

You collected 124 gold pieces.

Inventory:

Hand Weapons
 e - a +0 dagger
Armour
 a - a +1 animal skin
 i - the +3 pair of seven-league boots {Rampage+∞}
   (You acquired it on level 2 of the Dungeon)

   Rampage+∞: When moving toward enemies, its wearer moves as far as possible,
   alerting their target en route.
 l - a +0 leather armour (worn)
 n - a +2 cloak
Jewellery
 f - a +6 ring of strength (right hand)
 j - a +6 ring of dexterity (left hand)
 k - a ring of magical power
Talismans
 c - a beast talisman (active)
 d - a flux talisman
Wands
 o - a wand of polymorph (10)
Scrolls
 p - 2 scrolls of enchant armour
Potions
 b - 2 potions of lignification
 h - 3 potions of brilliance
 m - a potion of enlightenment


   Skills:
 + Level 3.2 Fighting
 + Level 1.9 Short Blades
 + Level 1.9 Long Blades
 + Level 1.9 Axes
 + Level 1.9 Maces & Flails
 + Level 1.9 Polearms
 + Level 1.9 Staves
 + Level 1.9 Ranged Weapons
 + Level 1.9 Throwing
 + Level 1.9 Armour
 + Level 4.9 Dodging
 + Level 1.9 Stealth
 + Level 1.9 Shields
 + Level 6.8 Unarmed Combat
 + Level 1.9 Spellcasting
 + Level 1.5 Conjurations
 + Level 1.5 Hexes
 + Level 1.5 Summonings
 + Level 1.5 Necromancy
 + Level 1.5 Translocations
 + Level 1.5 Transmutations
 + Level 1.5 Fire Magic
 + Level 1.5 Ice Magic
 + Level 1.5 Air Magic
 + Level 1.5 Earth Magic
 + Level 1.5 Poison Magic
 + Level 2.1 Invocations
 + Level 1.9 Evocations
 + Level 6.7 Shapeshifting


You had 8 spell levels left.
You didn't know any spells.
Your spell library was empty.

Dungeon Overview and Level Annotations

Branches:
Dungeon (2/15)

Altars:

Shops:
D:2 (


Innate Abilities, Weirdness & Mutations

You are a hulking beast.
Your limbs bulge with bestial killing power. (Slay +3)
You have very sharp teeth.
Your uncanny sense of smell can sniff out nearby items.
Your experience applies equally to all skills.


Message History

You closely miss the ball python. The ball python bites you.
The ball python constricts you. The gnoll hits you but does no damage.
The gnoll closely misses you. The ball python barely misses you.
The ball python constricts you.
Okay, then.
As you read the scroll labelled ZEOCZI WUSMYT, it crumbles to dust.
It is a scroll of enchant armour.
Your +0 animal skin glows green for a moment.
The gnoll hits you from afar with a +0 spear.
* * * LOW HITPOINT WARNING * * *
The gnoll hits you from afar with a +0 spear.
* * * LOW HITPOINT WARNING * * *
The ball python closely misses you. The ball python constricts you.
It was a potion of curing.
You feel better.
The ball python bites you but does no damage.
The ball python constricts you.
The gnoll hits you from afar with a +0 spear.
The gnoll misses you.
You escape the ball python's grasp.
You punch the ball python!
You kill the ball python!
It was a potion of brilliance.
You feel clever all of a sudden.
The gnoll hits you from afar with a +0 spear.
* * * LOW HITPOINT WARNING * * *
It was a potion of enlightenment.
You feel very buoyant.
You fly up into the air.
The gnoll hits you from afar with a +0 spear.
* * * LOW HITPOINT WARNING * * *
An endoplasm comes into view.
The gnoll closely misses you.
The gnoll hits you from afar with a +0 spear.
* * * LOW HITPOINT WARNING * * *
You see here a ball python corpse.
There are monsters nearby!
You hit the gnoll. You bite the gnoll, but do no damage.
The gnoll is heavily wounded.
The gnoll hits you with a +0 spear.
You die...

#.# #..###...>...# ##.#
##.##........#
#..#######......†.....
#.....................
#######....#..........
#.#####..)...... #.##.....#.##...
#####.##.....#.##...
*******#######ggh..#...##.#.##...
*,,,,,*#.......##.....###...##...
,,,,,,,.......###.....# ##..##...
,,,,,,,.......,*#....## ##.##...
,,,,,,,...J..g,*#....# #######
,,,,,,,......J,*######
,,,,,,,......g,* ,,,,,,,.......,*
,,,,,,,.......,*


You could see 2 gnolls and an endoplasm.

Vanquished Creatures
  Sigmund (D:2)
  2 gnolls (D:2)
  3 adders (D:2)
  3 worms (D:2)
  A dart slug (D:2)
  5 endoplasms
  2 giant cockroaches (D:1)
  3 goblins
  4 hobgoblins (D:1)
  4 jackals (D:1)
  2 kobolds
  6 quokkas
  4 ball pythons
  8 bats
  A rat (D:2)
49 creatures vanquished.

Notes
Turn   | Place    | Note
-------+----------+-------------------------------------------
     0 | D:1      | croobank the Gnoll Shapeshifter began the quest for the
                  | Orb.
     0 | D:1      | Reached XP level 1. HP: 17/17 MP: 1/1
     1 | D:1      | Noticed an electric eel
   148 | D:1      | Reached XP level 2. HP: 23/23 MP: 2/2
   376 | D:1      | Reached XP level 3. HP: 19/28 MP: 3/3
   462 | D:1      | Upgraded the game from 0.31-a0-865-g3d5d91748a to
                  | 0.31-a0-868-g674d60d6f7
   907 | D:2      | Found Kiupuweq's Antique Weapon Shop.
   923 | D:2      | Reached skill level 1 in Invocations
   930 | D:2      | Identified a scroll of acquirement
   930 | D:2      | Acquired the +3 pair of seven-league boots {Rampage+∞}
   930 | D:2      | Found the +3 pair of seven-league boots {Rampage+∞}
  1006 | D:2      | Reached skill level 1 in Short Blades
  1006 | D:2      | Reached skill level 1 in Long Blades
  1006 | D:2      | Reached skill level 1 in Axes
  1006 | D:2      | Reached skill level 1 in Maces & Flails
  1006 | D:2      | Reached skill level 1 in Polearms
  1006 | D:2      | Reached skill level 1 in Staves
  1006 | D:2      | Reached skill level 1 in Ranged Weapons
  1006 | D:2      | Reached skill level 1 in Throwing
  1006 | D:2      | Reached skill level 1 in Armour
  1006 | D:2      | Reached skill level 1 in Stealth
  1006 | D:2      | Reached skill level 1 in Shields
  1006 | D:2      | Reached skill level 1 in Spellcasting
  1006 | D:2      | Reached skill level 1 in Evocations
  1015 | D:2      | Reached XP level 4. HP: 25/34 MP: 5/5
  1284 | D:2      | Reached skill level 1 in Conjurations
  1284 | D:2      | Reached skill level 1 in Hexes
  1284 | D:2      | Reached skill level 1 in Summonings
  1284 | D:2      | Reached skill level 1 in Necromancy
  1284 | D:2      | Reached skill level 1 in Translocations
  1284 | D:2      | Reached skill level 1 in Transmutations
  1284 | D:2      | Reached skill level 1 in Fire Magic
  1284 | D:2      | Reached skill level 1 in Ice Magic
  1284 | D:2      | Reached skill level 1 in Air Magic
  1284 | D:2      | Reached skill level 1 in Earth Magic
  1284 | D:2      | Reached skill level 1 in Poison Magic
  1289 | D:2      | Noticed Sigmund
  1299 | D:2      | Killed Sigmund
  1300 | D:2      | Reached XP level 5. HP: 34/41 MP: 5/7
  1300 | D:2      | Reached XP level 6. HP: 39/47 MP: 5/8
  1416 | D:2      | Slain by a gnoll

Illustrated notes

Levels and vault maps discovered:
D:1:      arrival_aquarium_a, layout_basic
D:2:      minmay_recursive_quarters, layout_rooms, serial_shops,
          nicolae_diamond_shop, uniq_sigmund

Skill      XL: |  1  2  3  4 |
---------------+-------------+-----
Invocations    | 1 2 |  2.1
Short Blades   | 1 |  1.9
Long Blades    | 1 |  1.9
Axes           | 1 |  1.9
Maces & Flails | 1 |  1.9
Polearms       | 1 |  1.9
Staves         | 1 |  1.9
Ranged Weapons | 1 |  1.9
Throwing       | 1 |  1.9
Armour         | 1 |  1.9
Stealth        | 1 |  1.9
Shields        | 1 |  1.9
Spellcasting   | 1 |  1.9
Evocations     | 1 |  1.9
Conjurations   | 1 |  1.5
Hexes          | 1 |  1.5
Summonings     | 1 |  1.5
Necromancy     | 1 |  1.5
Translocations | 1 |  1.5
Transmutations | 1 |  1.5
Fire Magic     | 1 |  1.5
Ice Magic      | 1 |  1.5
Air Magic      | 1 |  1.5
Earth Magic    | 1 |  1.5
Poison Magic   | 1 |  1.5
Fighting       | 3 |  3.2
Dodging        | |  4.9
Unarmed Combat | |  6.8
Shapeshifting  | |  6.7

Action                     |  1- 3 |  4- 6 || total
---------------------------+-------+-------++-------
  Melee: Unarmed           |    58 |    41 ||    99
         Bite              |     6 |     4 ||    10
         Punch             |     1 |       ||     1
    Use: Scroll            |     1 |     2 ||     3
         Potion            |       |     3 ||     3
   Stab: Sleeping          |     4 |     1 ||     5
 Armour: Animal skin       |    13 |       ||    13
         Leather armour    |     6 |    30 ||    36
  Dodge: Dodged            |    28 |    26 ||    54

Table legend: (Time is in decaauts)
 A = Elapsed time spent in this place.
 B = Non-inter-level travel time spent in this place.
 C = Inter-level travel time spent in this place.
 D = Time resting spent in this place.
 E = Time spent auto-exploring this place.
 F = Levels seen in this place.
 G = Mean time per level.
                   A        B        C        D        E       F      G
               +--------+--------+--------+--------+--------+-----+--------+
         Total |   1402 |   1382 |     20 |    107 |    894 |   2 |  701.0 |
       Dungeon |   1402 |   1382 |     20 |    107 |    894 |   2 |  701.0 |
               +--------+--------+--------+--------+--------+-----+--------+

Top non-repeatable levels by time:
     D:1: 901 daAuts
     D:2: 500 daAuts
